 Dungeon Crawl Stone Soup version 0.25-a0-294-gea9b1ad378 (webtiles) character file.

Game seed: 7282724459127425092, levelgen mode: classic

9794 Borgoz the Basher (level 11, 0/106 HPs)
             Began as a Gargoyle Berserker on Dec 19, 2019.
             Was an Elder of Trog.
             Slain by a skeletal warrior
             ... wielding a +0 battleaxe
             ... led by a skeletal warrior
              (2 damage)
             ... on level 9 of the Dungeon.
             The game lasted 00:18:10 (9733 turns).

Borgoz the Basher (Gargoyle Berserker)              Turns: 9733, Time: 00:18:12

Health: 0/106      AC: 30    Str: 20    XL:     11   Next: 52%
Magic:  11/11      EV:  2    Int:  9    God:    Trog [****..]
Gold:   545        SH:  0    Dex: 12    Spells: 10/10 levels left

rFire    + . .     SeeInvis .   w - +2 whip (freeze)
rCold    . . .     Gourm    .   (no shield)
rNeg     + + +     Faith    .   (armour currently unavailable)
rPois    ∞         Spirit   .   (helmet currently unavailable)
rElec    .         Reflect  .   (cloak currently unavailable)
rCorr    .         Harm     .   (gloves currently unavailable)
MR       ++...     NoTele   +   (boots currently unavailable)
Stlth    +.........             (no amulet)
HPRegen  1.27/turn              v - +5 ring of protection
MPRegen  0.12/turn              y - ring of protection from fire

@: tree-form, berserk cooldown, starving, regenerating, slowed, very slow
A: negative energy resistance 1, petrification resistance, rot immunity, AC +8
a: Berserk, Trog's Hand, Brothers in Arms, Renounce Religion


You were on level 9 of the Dungeon.
You worshipped Trog.
Trog was greatly pleased with you.
You were starving.
You were a tree.
You visited 1 branch of the dungeon, and saw 9 of its levels.

You collected 545 gold pieces.

Inventory:

Hand Weapons
 a - a +0 mace
 w - a +2 whip of freezing (weapon)
 E - a +0 morningstar
Armour
 b - a +1 animal skin
 h - +0 storm dragon scales (melded)
 G - a +3 plate armour of cold resistance
Jewellery
 g - an uncursed ring of resist corrosion
 o - an uncursed ring of ice
 v - a +5 ring of protection (left branch)
 y - a ring of protection from fire (right branch)
Wands
 k - a wand of flame (35)
 x - a wand of acid (3)
 z - a wand of disintegration (11)
Scrolls
 f - 4 scrolls of enchant armour
 i - 2 scrolls of blinking
 l - 5 scrolls of identify
 n - 6 scrolls of remove curse
 t - 2 scrolls of teleportation
 A - 2 scrolls of enchant weapon
 B - 2 scrolls of magic mapping
 C - a scroll of noise {unknown}
 H - a scroll of fog {unknown}
Potions
 d - 2 potions of cancellation
 e - a potion of resistance
 j - 6 potions of lignification
 m - 3 potions of magic
 p - a potion of might
 q - 2 potions of flight
 r - 2 potions of brilliance
 s - 5 potions of curing
 u - a potion of mutation
 F - a potion of ambrosia {unknown}
Comestibles
 c - 20 rations
 D - 4 chunks of flesh


   Skills:
 + Level 9.1 Fighting
 * Level 11.6 Maces & Flails
 + Level 9.1 Armour
 + Level 6.9 Dodging


You had 10 spell levels left.
You didn't know any spells.
Your spell library was empty.

Dungeon Overview and Level Annotations

Branches:
Dungeon (9/15)             Temple (0/1) D:5
   Lair: D:8-11         Orc: D:9-12

Altars:
Dithmenos
Xom


Innate Abilities, Weirdness & Mutations

You are resistant to torment.
((Your stone body is resilient. (AC +8)))
You are immune to poison.
You resist negative energy. (rN+)
((You are resistant to electric shocks. (rElec)))
((You can survive without breathing.))
You are immune to petrification.
You are immune to rotting.


Message History

The skeletal warrior hits you with a +0 battleaxe!
* * * LOW HITPOINT WARNING * * *
Things that are here:
a cursed +0 mace; an adder skeleton
Okay, then.
Really quaff the potion of lignification?
You turn into a tree.
Your +0 storm dragon scales melds into your body.
Your roots penetrate the ground.
The skeletal warrior hits you with a +0 battleaxe!
* * * LOW HITPOINT WARNING * * *
Unknown command.
Okay, then.
Your skin crawls.
You feel resistant to hostile enchantments.
You are starving!
The skeletal warrior hits you with a +0 battleaxe!
* * * LOW HITPOINT WARNING * * *
The skeletal warrior hits you with a +0 battleaxe.
You die...

#....#..#.##.....#.#
##.#.###.#####.#####
#.#.:))(........)..
#
#.#...[............
#.
#...###############
#.. ##............
.... #))#########.
..... #..#
......##♣.#
.......z.>#
#.....###.#
########'## #.#
#.........# #.#
#....≈≈...# #.#
#..≈≈≈....# #.#
#....≈≈...# #.#
#....≈.)..# #.#


You could see a skeletal warrior.

Vanquished Creatures
  A hydra (D:9)
  A tengu warrior (D:9)
  2 skeletal warriors (D:9)
  Pikel (D:4)
  A cyclops (D:9)
  A troll (D:9)
  3 hornets
  A hippogriff (D:8)
  4 hogs (D:8)
  A human (D:8)
  A vampire mosquito (D:9)
  A soldier ant (D:6)
  3 orc warriors
  3 ice beasts
  2 sky beasts
  2 phantoms (D:9)
  4 slaves (D:4)
  6 ogres
  A centaur (D:6)
  A crocodile (D:9)
  2 big kobolds (D:7)
  6 bullfrogs
  A scorpion (D:7)
  6 killer bees (D:8)
  9 wights
  5 howler monkeys
  4 crimson imps
  3 quasits (D:9)
  A centaur zombie (D:6)
  2 hounds
  2 jellies
  2 centaur skeletons
  A gnoll shaman (D:6)
  8 orc priests
  A bullfrog skeleton (D:9)
  An iguana (D:7)
  Natasha (thrice) (D:4)
  11 orc wizards
  3 hell rats (D:8)
  8 worker ants
  A killer bee zombie (D:6)
  6 gnolls
  A howler monkey skeleton (D:8)
  12 adders
  4 river rats (D:8)
  2 oozes
  An adder zombie (D:6)
  A worm (D:4)
  A dart slug (D:5)
  4 leopard geckos
  20 orcs
  5 giant cockroaches
  6 goblins
  5 hobgoblins
  16 jackals
  3 quokkas
  A ball python (D:2)
  7 bats
  3 frilled lizards
  9 kobolds (D:7)
  A leopard gecko skeleton (D:5)
  A quokka zombie (D:7)
  18 rats
247 creatures vanquished.

Notes
Turn   | Place    | Note
-------+----------+-------------------------------------------
     0 | D:1      | Borgoz the Gargoyle Berserker began the quest for the Orb.
     0 | D:1      | Reached XP level 1. HP: 14/14 MP: 1/1
   104 | D:1      | Reached XP level 2. HP: 18/19 MP: 2/2
   797 | D:2      | Reached XP level 3. HP: 16/23 MP: 3/3
  1105 | D:2      | Reached ** piety under Trog
  1280 | D:2      | Reached XP level 4. HP: 24/29 MP: 4/4
  1492 | D:3      | Reached skill level 4 in Maces & Flails
  2140 | D:4      | Noticed an ogre
  2152 | D:4      | Killed an ogre
  2152 | D:4      | Reached XP level 5. HP: 28/33 MP: 5/5
  2573 | D:4      | Noticed Pikel
  2573 | D:4      | Noticed a slave
  2573 | D:4      | Noticed a slave
  2573 | D:4      | Noticed a slave
  2573 | D:4      | Noticed a slave
  2641 | D:5      | Entered Level 5 of the Dungeon
  2673 | D:5      | Reached XP level 6. HP: 21/38 MP: 6/6
  2820 | D:5      | Reached skill level 5 in Maces & Flails
  2956 | D:5      | Found a staircase to the Ecumenical Temple.
  3309 | D:5      | Reached XP level 7. HP: 43/43 MP: 7/7
  3496 | D:5      | Found a shadowy altar of Dithmenos.
  3706 | D:4      | Noticed Natasha
  3729 | D:4      | Killed Natasha
  3848 | D:4      | Noticed Natasha
  3857 | D:4      | Killed Natasha
  3859 | D:4      | Killed Pikel
  3859 | D:4      | Reached skill level 5 in Fighting
  3859 | D:4      | Reached skill level 6 in Maces & Flails
  3859 | D:4      | Reached skill level 5 in Armour
  3859 | D:4      | Reached XP level 8. HP: 27/49 MP: 8/8
  4478 | D:4      | Noticed Natasha
  4485 | D:4      | Killed Natasha
  4677 | D:6      | Reached skill level 7 in Maces & Flails
  5168 | D:6      | Reached *** piety under Trog
  5215 | D:6      | Reached XP level 9. HP: 44/55 MP: 9/9
  5234 | D:6      | Reached skill level 8 in Maces & Flails
  6376 | D:7      | Reached skill level 5 in Dodging
  6546 | D:7      | Noticed a hornet
  6593 | D:7      | Reached **** piety under Trog
  6606 | D:7      | Killed a hornet
  6606 | D:7      | Reached skill level 9 in Maces & Flails
  6899 | D:7      | Found a shimmering altar of Xom.
  6947 | D:7      | Reached XP level 10. HP: 62/63 MP: 10/10
  7429 | D:8      | Found the +2 ratskin cloak {+Rats rPois rN+ Str-1 Int-1
                  | Dex+1}
  7733 | D:8      | Reached ***** piety under Trog
  7733 | D:8      | Received a gift from Trog
  8138 | D:8      | Reached skill level 10 in Maces & Flails
  8589 | D:9      | Noticed a four-headed hydra
  8601 | D:9      | Noticed a cyclops
  8605 | D:9      | Killed a four-headed hydra
  8605 | D:9      | Reached XP level 11. HP: 40/69 MP: 11/11
  8615 | D:9      | Killed a cyclops
  8615 | D:9      | Reached skill level 11 in Maces & Flails
  8959 | D:9      | Identified the +7 ring mail of Zin's Envy {rPois Str-5
                  | Int+3 SInv}
  8959 | D:9      | Noticed a tengu warrior
  9039 | D:9      | Killed a tengu warrior
  9673 | D:9      | Noticed a skeletal warrior
  9702 | D:9      | Killed a skeletal warrior
  9703 | D:9      | Noticed a skeletal warrior
  9707 | D:9      | Noticed a skeletal warrior
  9716 | D:9      | Killed a skeletal warrior
  9733 | D:9      | HP: 2/106 [skeletal warrior/+0 battleaxe[a skeletal
                  | warrior] (11)]
  9733 | D:9      | Slain by a skeletal warrior

Levels and vault maps discovered:
D:1:      matt_arrival_refuge, layout_rooms, minmay_misc_feat_enclosed
D:2:      layout_basic
D:3:      layout_rooms, first_ration
D:4:      layout_cave_pods, uniq_natasha, uniq_pikel
D:5:      layout_cave_pools, kennysheep_little_box, minmay_temple_entry_mist
D:6:      layout_rooms
D:7:      layout_rooms, lemuel_statue_altar
D:8:      wander_guarded_unrand_ratskin, layout_loops_ring, grunt_livestock
D:9:      minmay_the_grid_square_5x5_3x3 [minmay_the_grid_square_5x5_z,
          minmay_the_grid_square_5x5_two_small,
          minmay_the_grid_square_5x5_intrusive_squares,
          minmay_the_grid_square_5x5_six,
          minmay_the_grid_square_5x5_megaprize_checkered,
          minmay_the_grid_square_5x5_misaligned,
          minmay_the_grid_square_5x5_three, minmay_the_grid_square_5x5_two,
          minmay_the_grid_square_5x5_doubleslash], layout_basic

Skill      XL: |  1  2  3  4  5  6  7  8  9 10 11 |
---------------+----------------------------------+-----
Dodging        | 2 3 4 5 6 |  6.9
Maces & Flails | 4 5 6 7 9 10 11 | 11.6
Armour         | 3 4 5 7 8 9 |  9.1
Fighting       | 4 5 6 7 8 9 |  9.1

Action                   |  1- 3 |  4- 6 |  7- 9 | 10-12 || total
-------------------------+-------+-------+-------+-------++-------
Melee: Mace              |   120 |   312 |    83 |       ||   515
       Whip              |       |       |   481 |   709 ||  1190
Invok: Berserk           |       |     3 |     5 |     5 ||    13
       Trog's Hand       |       |     2 |     4 |     4 ||    10
Evoke: Wand              |       |       |     2 |     2 ||     4
  Use: Scroll            |       |    16 |     3 |     2 ||    21
       Potion            |       |       |       |     1 ||     1
  Eat: Chunk             |     1 |     7 |    12 |    13 ||    33
       Ration            |       |     1 |     2 |       ||     3
Armor: Animal skin       |    61 |   159 |       |       ||   220
       Storm dragon scal |       |    21 |   371 |   314 ||   706
Dodge: Dodged            |   115 |   299 |   246 |   245 ||   905

Table legend:
 A = Non-vault XP
 B = Vault XP
 C = Vault XP percentage of total XP
 D = Non-vault monster count
 E = Vault monster count
 F = Vault count percentage of total count
                 A         B        C        D         E       F
            +---------+---------+-------+---------+---------+-------
      Total |    8318 |    5674 |  40.6 |     198 |      45 |  18.5
            +---------+---------+-------+---------+---------+-------
        D:1 |      24 |       0 |   0.0 |      14 |       0 |   0.0
        D:2 |      69 |       0 |   0.0 |      20 |       0 |   0.0
        D:3 |      48 |       0 |   0.0 |       8 |       0 |   0.0
        D:4 |     227 |     699 |  75.5 |      13 |       2 |  13.3
        D:5 |     371 |       0 |   0.0 |      15 |       0 |   0.0
        D:6 |    1555 |       0 |   0.0 |      42 |       0 |   0.0
        D:7 |    2034 |       0 |   0.0 |      43 |       0 |   0.0
        D:8 |    1217 |    1146 |  48.5 |      20 |      26 |  56.5
        D:9 |    2773 |    3829 |  58.0 |      23 |      17 |  42.5
            +---------+---------+-------+---------+---------+-------
